 Dungeon Crawl Stone Soup version 0.28.0-53-g5a82cb258f (webtiles) character file.

Game seed: 3049200472815830940

100 Ashen the Magician (level 4, -5/25 HPs)
             Began as a Deep Elf Air Elementalist on June 17, 2022.
             Slain by a scorpion (8 damage)
             ... on level 4 of the Dungeon.
             The game lasted 00:04:12 (2884 turns).

Ashen the Magician (Deep Elf Air Elementalist)      Turns: 2884, Time: 00:04:12

Health: -5/25      AC:  3    Str:  5    XL:     4   Next: 46%
Magic:  3/11       EV: 13    Int: 22    God:
Gold:   98         SH:  0    Dex: 15    Spells: 0/10 levels left

rFire   . . .      SeeInvis .   (no weapon)
rCold   . . .      Faith    .   (no shield)
rNeg    . . .      Spirit   .   a - +0 robe
rPois   .          Reflect  .   k - +1 hat
rElec   .          Harm     .   (no cloak)
rCorr   .          Rampage  .   (no gloves)
Will    .....                   (no boots)
Stlth   ++........              (no amulet)
HPRegen 0.08/turn               (no ring)
MPRegen 0.12/turn               (no ring)

@: lethally poisoned (-5 -> -17)
A: no striking features
a: no special abilities


You were on level 4 of the Dungeon.
You visited 1 branch of the dungeon, and saw 4 of its levels.

You collected 98 gold pieces.

Inventory:

Armour
 a - a +0 robe (worn)
 k - a +1 hat (worn)
Scrolls
 c - a scroll of magic mapping {unknown}
 d - 3 scrolls of identify {unknown}
 g - a scroll of silence {unknown}
 i - a scroll of fear
 m - a scroll of enchant weapon {unknown}
Potions
 b - a potion of invisibility {unknown}
 e - a potion of resistance {unknown}
 f - 2 potions of heal wounds {unknown}
 h - a potion of mutation {unknown}
 j - a potion of haste {unknown}
 l - a potion of curing {unknown}
 n - a potion of brilliance {unknown}


   Skills:
 + Level 1.1 Fighting
 + Level 3.3 Dodging
 + Level 3.2 Stealth
 + Level 3.8 Spellcasting
 + Level 2.1 Conjurations
 + Level 3.4 Air Magic


You couldn't memorise any spells.
You knew the following spells:

 Your Spells              Type           Power      Damage    Failure   Level
a - Shock                 Conj/Air       64%        1d7       3%          1
b - Static Discharge      Conj/Air       16%        N/A       5%          2
c - Swiftness             Air            19%        N/A       9%          3
d - Airstrike             Air            9%         N/A       28%         4

Your spell library contained the following spells:

 Spells                   Type           Power      Damage    Failure   Level


Dungeon Overview and Level Annotations

Branches:
Dungeon (4/15)
 Temple: D:4-7

Altars:
Makhleb
Yredelemnul
The Shining One

Shops:
D:2 =


Message History

Aiming: Shock (safe; 3% risk of failure)
Press: ? - help, Shift-Dir - straight line, f/p - scorpion
Aim: a scorpion (heavily wounded, 71% to hit)
The zap hits the scorpion.
The scorpion is heavily wounded.
The scorpion stings you.
You are poisoned.
The scorpion poisons you!
Casting: Shock (safe; 3% risk of failure)
Confirm with . or Enter, or press ? or * to list all spells.
Aiming: Shock (safe; 3% risk of failure)
Press: ? - help, Shift-Dir - straight line, f/p - scorpion
Aim: a scorpion (heavily wounded, 71% to hit)
The zap hits the scorpion.
The scorpion is severely wounded.
You feel very sick. The scorpion stings you. x2
You are lethally poisoned!
The scorpion poisons you!
Casting: Shock (safe; 3% risk of failure)
Confirm with . or Enter, or press ? or * to list all spells.
Aiming: Shock (safe; 3% risk of failure)
Press: ? - help, Shift-Dir - straight line, f/p - scorpion
Aim: a scorpion (severely wounded, 71% to hit)
The zap hits the scorpion.
The scorpion is almost dead.
You feel very sick. The scorpion stings you.
* * * LOW HITPOINT WARNING * * *
Casting: Shock (safe; 3% risk of failure)
Confirm with . or Enter, or press ? or * to list all spells.
Aiming: Shock (safe; 3% risk of failure)
Press: ? - help, Shift-Dir - straight line, f/p - scorpion
Aim: a scorpion (almost dead, 71% to hit)
The zap hits the scorpion but does no damage.
The scorpion is almost dead.
* * * LOW HITPOINT WARNING * * *
You feel very sick. The scorpion stings you!
You die...

.... #..#.# ...
#..#.###.. .......
#.....#... ......
#.....#.# #.....
####......#####.#...
#.##s...............
##..@...............#
#...................#
##.......##.........(
#####.#######..####.
### #...## #. ##..#
#. ##..### #.
#...#.#### ###...(...


You could see a scorpion.

Vanquished Creatures
  A bullfrog zombie (D:3)
  6 dart slugs
  3 orcs (D:2)
  4 ball pythons
  2 bats
  5 endoplasms
  A giant cockroach (D:2)
  8 goblins
  8 hobgoblins
  A quokka (D:3)
  A frilled lizard (D:2)
  A kobold (D:1)
  6 rats
47 creatures vanquished.

Notes
Turn   | Place    | Note
-------+----------+-------------------------------------------
     0 | D:1      | Ashen the Deep Elf Air Elementalist began the quest for the
                  | Orb.
     0 | D:1      | Reached XP level 1. HP: 10/10 MP: 6/6
   168 | D:1      | Reached XP level 2. HP: 7/15 MP: 4/8
   171 | D:1      | Learned a level 2 spell: Static Discharge
   810 | D:1      | Reached XP level 3. HP: 20/20 MP: 6/9
  1169 | D:2      | Found Coof's Jewellery Emporium.
  1183 | D:2      | Found a burning altar of Makhleb.
  1671 | D:2      | Learned a level 3 spell: Swiftness
  1940 | D:3      | Found a faded altar of an unknown god.
  2251 | D:3      | Reached skill level 1 in Fighting
  2251 | D:3      | Reached XP level 4. HP: 16/25 MP: 0/11
  2366 | D:3      | Learned a level 4 spell: Airstrike
  2458 | D:3      | Found a glowing golden altar of the Shining One.
  2460 | D:3      | Noticed an angel
  2689 | D:3      | Found a basalt altar of Yredelemnul.
  2876 | D:4      | Noticed a scorpion
  2884 | D:4      | Slain by a scorpion

Illustrated notes

Levels and vault maps discovered:
D:1:      nicolae_arrival_washed_ashore, layout_basic
D:2:      layout_basic, basic_altar, serial_shops, shop, guppyfry_early_orc_mine
D:3:      layout_loops_ring, grunt_temple_overflow_holy_war,
          ebering_ecumenical_altar_webs
D:4:      layout_cave_pools, mainiacjoe_overflow_catch_the_wave, uniq_eustachio

Skill      XL: |  1  2  3 |
---------------+----------+-----
Stealth        | 3 |  3.2
Dodging        | 3 |  3.3
Conjurations   | 2 |  2.1
Fighting       | 1 |  1.1
Spellcasting   | |  3.8
Air Magic      | |  3.4

Action                   |  1- 3 |  4- 6 || total
-------------------------+-------+-------++-------
Melee: Unarmed           |     9 |     1 ||    10
 Cast: Shock             |    99 |    17 ||   116
  Use: Scroll            |     2 |       ||     2
 Stab: Sleeping          |       |     1 ||     1
Armor: Robe              |     3 |     1 ||     4
Dodge: Dodged            |    21 |     1 ||    22
